 Dungeon Crawl Stone Soup version 0.29.1-2-gbd0b4ee654 (webtiles) character file.

Game seed: 1402079140223850091

512 GorkyZ the Trooper (level 7, -4/42 HPs)
             Began as a Gargoyle Gladiator on Nov 30, 2022.
             Slain by a gnoll sergeant
             ... wielding a +2 vorpal spear
              (7 damage)
             ... on level 4 of the Dungeon.
             The game lasted 00:09:05 (4911 turns).

GorkyZ the Trooper (Gargoyle Gladiator)             Turns: 4911, Time: 00:09:09

Health: -4/42      AC: 17    Str: 17    XL:     7   Next: 19%
Magic:  7/7        EV:  8    Int:  9    God:
Gold:   202        SH:  0    Dex: 13    Spells: 6/6 levels left

rFire   . . .      SeeInvis .   a - +0 war axe (drain)
rCold   . . .      Faith    .   (no shield)
rNeg    + . .      Spirit   .   g - +0 chain mail
rPois   ∞          Reflect  .   c - +1 helmet
rElec   +          Harm     .   (no cloak)
rCorr   .          Rampage  .   j - +0 pair of gloves
Will    .....                   (no boots)
Stlth   ..........              (no amulet)
HPRegen 0.14/turn               (no ring)
MPRegen 0.10/turn               (no ring)

@: studying Ranged Weapons
A: sickness immunity, AC +4, negative energy resistance 1, electricity
resistance, torment resistance 1, petrification resistance
a: no special abilities


You were on level 4 of the Dungeon.
You visited 1 branch of the dungeon, and saw 4 of its levels.

You collected 202 gold pieces.

Inventory:

Hand Weapons
 a - a +0 war axe of draining (weapon)
Missiles
 d - 5 throwing nets (quivered)
 e - a javelin
Armour
 b - a +0 leather armour
 c - a +1 helmet (worn)
 g - a +0 chain mail (worn)
 j - a +0 pair of gloves (worn)
Jewellery
 l - a ring of positive energy
Scrolls
 f - a scroll of teleportation
 k - a scroll of fear
Potions
 h - 2 potions of degeneration
 i - a potion of attraction
 m - a potion of heal wounds


   Skills:
 + Level 3.7 Fighting
 + Level 3.6 Axes
 + Level 2.9 Throwing
 + Level 2.7 Armour
 + Level 3.3 Dodging
 + Level 2.8 Shields
 + Level 2.2 Evocations


You had 6 spell levels left.
You didn't know any spells.
Your spell library contained the following spells:

 Spells                   Type           Power      Damage    Failure   Level
 Magic Dart               Conj           0%         1d3       99%         1
 Sandblast                Erth           0%         2d4       99%         1
 Passwall                 Tmut/Erth      0%         N/A       100%        2
 Searing Ray              Conj           0%         2d4       100%        2
 Stone Arrow              Conj/Erth      0%         3d7       100%        3
 Fulminant Prism          Conj/Hex       0%         3d6       100%        4


Dungeon Overview and Level Annotations

Branches:
Dungeon (4/15)
 Temple: D:4-7

Altars:
Hepliaklqana
Ru
Vehumet


Innate Abilities, Weirdness & Mutations

You are immune to sickness and miasma.
Your stone body is resilient. (AC +4)
You are immune to poison.
You resist negative energy. (rN+)
You are resistant to electric shocks. (rElec)
You are resistant to unholy torment.
You are immune to petrification.


Message History

The gnoll misses you.
You barely miss the gnoll. The gnoll completely misses you.
The gnoll hits you but does no damage.
You hit the gnoll but do no damage. The gnoll hits you but does no damage.
The gnoll hits you from afar with a +0 halberd.
You slash the gnoll!
The gnoll is heavily wounded.
You hit the gnoll sergeant. You drain the gnoll sergeant.
The gnoll hits you but does no damage. The gnoll barely misses you.
The gnoll hits you but does no damage. The gnoll hits you with a +0 club.
The gnoll sergeant hits you with a +2 vorpal spear.
The gnoll completely misses you.
You hit the gnoll.
The gnoll is almost dead.
You barely miss the gnoll. You hit the gnoll sergeant.
The gnoll sergeant hits you with a +2 vorpal spear.
The gnoll hits you from afar with a +0 halberd!
The gnoll barely misses you. The gnoll hits you with a +0 club.
You hit the gnoll.
You kill the gnoll!
You completely miss the gnoll.
You hit the gnoll sergeant but do no damage.
The gnoll sergeant hits you with a +2 vorpal spear.
The gnoll hits you with a +0 club. The gnoll barely misses you.
The gnoll attacks as you move away! The gnoll hits you with a +0 club.
The gnoll sergeant throws a stone.
The stone barely misses you.
The stone closely misses the gnoll.
The gnoll hits you with a +0 halberd.
* * * LOW HITPOINT WARNING * * *
You see here a +0 whip.
You barely miss the gnoll. You hit the gnoll but do no damage.
The gnoll sergeant closely misses you. The gnoll barely misses you.
The gnoll hits you with a +0 club.
* * * LOW HITPOINT WARNING * * *
You hit the gnoll but do no damage. You slash the gnoll! You drain the gnoll.
The gnoll sergeant hits you but does no damage.
The gnoll hits you with a +0 halberd.
* * * LOW HITPOINT WARNING * * *
The gnoll barely misses you. The gnoll hits you but does no damage.
The gnoll sergeant hits you from afar with a +2 vorpal spear!
You die...

...# ..... ...... ..... ......
##...# ......#### ##
...g..#.##.....# .# #...
.#.##..##.##### .# #..#
.S...........### .#
#..####S##.#.......... .#
#...g@gg##.#.#.###.### .##
#...######.#....##.# ..# #...#
#........#.# #.# #...#
#>.......#.# #.### #...#
#..........#
....########...#####........###
.#..##...............<......###..
....)............................
..#.##.)....)...............###..


You could see a gnoll sergeant (drained), 2 gnolls and a ball python.

Vanquished Creatures
  A black bear (D:4)
  2 ogres (D:4)
  A necrophage (D:4)
  An orc priest (D:3)
  2 adders
  6 gnolls
  2 worms
  4 orcs
  4 ball pythons
  9 bats
  8 endoplasms
  2 giant cockroaches
  5 goblins
  7 hobgoblins
  3 jackals (D:1)
  9 kobolds
  2 quokkas
  7 frilled lizards
  7 rats
82 creatures vanquished.

Notes
Turn   | Place    | Note
-------+----------+-------------------------------------------
     0 | D:1      | GorkyZ the Gargoyle Gladiator began the quest for the Orb.
     0 | D:1      | Reached XP level 1. HP: 12/12 MP: 1/1
   100 | D:1      | Reached XP level 2. HP: 18/18 MP: 2/2
   385 | D:1      | Reached skill level 1 in Armour
   414 | D:1      | Found a faded altar of an unknown god.
   551 | D:1      | Reached XP level 3. HP: 22/22 MP: 3/3
  1064 | D:2      | Reached skill level 1 in Shields
  1305 | D:2      | Reached skill level 1 in Evocations
  1551 | D:2      | Reached XP level 4. HP: 27/27 MP: 4/4
  2644 | D:3      | HP: 1/27 [orc priest/+0 trident (3)]
  3065 | D:3      | Reached XP level 5. HP: 21/32 MP: 5/5
  3620 | D:3      | Found a sacrificial altar of Ru.
  3620 | D:3      | Found a radiant altar of Vehumet.
  3626 | D:3      | Found a faded altar of an unknown god.
  3628 | D:3      | Found a hazy altar of Hepliaklqana.
  3630 | D:3      | Found a faded altar of an unknown god.
  3965 | D:4      | Noticed a black bear
  3973 | D:4      | Killed a black bear
  3974 | D:4      | Reached XP level 6. HP: 37/37 MP: 6/6
  4169 | D:4      | HP: 1/37 [ogre/+0 giant club (17)]
  4558 | D:4      | Reached XP level 7. HP: 37/42 MP: 7/7
  4911 | D:4      | Slain by a gnoll sergeant

Illustrated notes

Levels and vault maps discovered:
D:1:      giann_bridges, layout_basic, ebering_ecumenical_altar_ruins
D:2:      layout_basic, minmay_misc_feat_tiny, kennysheep_cross_bottleneck,
          grunt_decor_fettered
D:3:      layout_basic, chequers_temple_overflow_minitemple
D:4:      layout_loops_cross

Skill      XL: |  1  2  3  4  5  6 |
---------------+-------------------+-----
Armour         | 1 2 |  2.7
Throwing       | 2 |  2.9
Shields        | 1 2 |  2.8
Axes           | 3 |  3.6
Evocations     | 1 2 |  2.2
Fighting       | 3 |  3.7
Dodging        | 3 |  3.3

Action                   |  1- 3 |  4- 6 |  7- 9 || total
-------------------------+-------+-------+-------++-------
Melee: War axe           |   118 |   114 |    21 ||   253
       Punch             |       |     2 |       ||     2
  Use: Scroll            |       |     9 |       ||     9
       Potion            |       |     2 |       ||     2
Armor: Chain mail        |   101 |    77 |    19 ||   197
       Leather armour    |    10 |       |       ||    10
Dodge: Dodged            |    70 |    45 |    15 ||   130
